 Dungeon Crawl Stone Soup version 0.21-a0-2-ge494091 (webtiles) character file.

109 Klosterheim the Poker (level 4, -4/35 HPs)
             Began as a Merfolk Skald on May 21, 2017.
             Killed by nerve-wracking pain
             ... invoked by an orc priest
              (5 damage)
             ... on level 3 of the Dungeon.
             The game lasted 00:04:46 (3331 turns).

Klosterheim the Poker (Merfolk Skald)               Turns: 3331, Time: 00:04:47

Health: -4/35      AC: 11    Str: 11    XL:     4   Next: 89%
Magic:  7/7        EV: 11    Int: 13    God:
Gold:   176        SH:  0    Dex: 13    Spells: 0/7 levels left

rFire    . . .     SeeInvis .   a - +0 spear
rCold    . . .     Gourm    .   (no shield)
rNeg     . . .     Faith    .   r - +0 ring mail
rPois    .         Spirit   .   (no helmet)
rElec    .         Reflect  .   (no cloak)
rCorr    .         Harm     .   (no gloves)
MR       .....                  (no boots)
Stlth    +.........             (no amulet)
Regen    0.2/turn               k - +6 ring of protection
MPRegen  0.1/turn               s - ring of wizardry

@: lethally poisoned (-4 -> -6)
A: change form in water, swift swim, stealthy swim
a: no special abilities


You were on level 3 of the Dungeon.
You were very hungry.

You visited 1 branch of the dungeon, and saw 3 of its levels.

You collected 176 gold pieces.

Inventory:

Hand Weapons
 a - a +0 spear (weapon)
Armour
 r - a +0 ring mail (worn)
Jewellery
 k - a +6 ring of protection (left hand)
 p - an uncursed ring of resist corrosion
 s - a ring of wizardry (right hand)
Scrolls
 h - 3 scrolls of identify
 l - a scroll of immolation {unknown}
 m - 2 scrolls of remove curse
Potions
 e - 2 potions of curing
 f - a potion of might {unknown}
 n - 2 potions of lignification
 q - 2 potions of degeneration {unknown}
Books
 c - a book of Battle

   Spells                             Type                      Level
   a - Infusion                       Charms                       1
   b - Shroud of Golubria             Charms/Translocation         2
   c - Song of Slaying                Charms                       2
   d - Spectral Weapon                Hexes/Charms                 3
   e - Regeneration                   Charms/Necromancy            3
Comestibles
 d - 2 bread rations
 g - 3 royal jellies


   Skills:
 - Level 3.3 Fighting
 - Level 5.4 Polearms
 - Level 0.6 Armour
 - Level 2.8 Dodging
 - Level 2.0 Spellcasting
 + Level 1.0 Hexes
 + Level 3.6 Charms


You couldn't memorise any spells.
You knew the following spells:

 Your Spells              Type           Power        Failure   Level  Hunger
a - Infusion              Chrm           ##..         6%          1    ##.....
b - Spectral Weapon       Hex/Chrm       #.......     26%         3    ####...
c - Regeneration          Chrm/Necr      #.........   32%         3    ####...


Dungeon Overview and Level Annotations

Branches:
Dungeon (3/15)

Altars:


Message History

* * * LOW HITPOINT WARNING * * *
The orc hits you with a flail.
* * * LOW HITPOINT WARNING * * *
The adder bites you but does no damage. The orc hits you but does no damage.
As you read the scroll labeled ZOEHET TEINU, it crumbles to dust.
It is a scroll of amnesia.
Forget which spell ([?*] list [ESC] exit)?
Forget which spell ([?*] list [ESC] exit)?
Okay, then.
The orc hits you.
* * * LOW HITPOINT WARNING * * *
The adder closely misses you.
The orc priest hits you but does no damage.
The orc misses you. The orc barely misses you.
As you read the scroll labeled MAQADGH TEKHLA, it crumbles to dust.
You feel blessed for a moment.
It was a scroll of remove curse.
The adder closely misses you. The orc closely misses you.
The orc priest mumbles some strange prayers to Beogh against you.
Pain shoots through your body!
You die...

...... #.........#
#..... #.........#
....##### .........#
###......####.......####
# ## #............... #
###...........# ##
#...#.........# .###
#.###....†S...# ...# #.#
#....@or..# ##)#####.#
##[.ooo...# #.#.....#
##......$... #.#.#####
######..... #...# .....
##### .... ... ...


You could see an orc priest, an adder, 3 orcs and a rat.

Vanquished Creatures
  The ghost of murphy the Digger, a weakling DEEE (D:3)
  An adder (D:3)
  An ooze (D:2)
  2 worms
  2 dart slugs (D:1)
  10 orcs
  9 goblins
  4 hobgoblins
  4 jackals (D:2)
  9 kobolds
  A ball python (D:1)
  7 bats
  4 frilled lizards
  8 rats
63 creatures vanquished.

Notes
Turn   | Place    | Note
-------+----------+-------------------------------------------
     0 | D:1      | Klosterheim the Merfolk Skald began the quest for the Orb.
     0 | D:1      | Reached XP level 1. HP: 16/16 MP: 3/3
   211 | D:1      | Reached XP level 2. HP: 22/23 MP: 5/5
   392 | D:1      | Reached skill level 4 in Polearms
  1079 | D:1      | Reached XP level 3. HP: 26/28 MP: 6/6
  1810 | D:2      | Learned a level 3 spell: Spectral Weapon
  2096 | D:2      | Reached skill level 5 in Polearms
  2096 | D:2      | Reached XP level 4. HP: 35/35 MP: 7/7
  2336 | D:3      | Noticed murphy's ghost (weakling DEEE)
  2525 | D:3      | Killed murphy's ghost
  3139 | D:2      | Learned a level 3 spell: Regeneration
  3241 | D:3      | Reached skill level 1 in Hexes
  3330 | D:3      | HP: 1/35 [orc (3)]
  3331 | D:3      | Killed from afar by an orc priest

Vault maps used:
D:1:      minmay_arrival_semitransparent
D:3:      nicolae_ru_path_of_blood, feat_on_display

Skill      XL: |  1  2  3  4 |
---------------+-------------+-----
Polearms       | 4 5 |  5.4
Fighting       | 3 |  3.3
Hexes          | 1 |  1.0
Armour         | |  0.6
Dodging        | |  2.8
Spellcasting   | |  2.0
Charms         | |  3.6

Action                   |  1- 3 |  4- 6 || total
-------------------------+-------+-------++-------
Melee: Spear             |   177 |    89 ||   266
 Cast: Infusion          |     1 |       ||     1
       Spectral Weapon   |       |     3 ||     3
  Use: Scroll            |       |     4 ||     4
       Potion            |       |     1 ||     1
 Stab: Sleeping          |     1 |       ||     1
  Eat: Chunk             |     4 |     2 ||     6
       Fruit             |       |     1 ||     1
Armor: Leather armour    |    52 |    15 ||    67
       Ring mail         |       |    24 ||    24
Dodge: Dodged            |    89 |    66 ||   155
